 Dungeon Crawl Stone Soup version 0.27.1-4-g1640c2035a (webtiles) character file.

Game seed: 11048044081522033240

54204 zeram the Covert (level 14, 0/108 HPs)
             Began as a Gnoll Enchanter on Nov 17, 2021.
             Was a High Priest of Dithmenos.
             Succumbed to a naga ritualist's toxic radiance
             ... on level 4 of the Lair of Beasts.
             The game lasted 01:18:10 (22287 turns).

zeram the Covert (Gnoll Enchanter)                 Turns: 22287, Time: 01:18:11

Health: 0/108      AC: 12    Str:  8    XL:     14   Next: 71%
Magic:  1/26       EV: 21    Int: 35    God:    Dithmenos [*****.]
Gold:   1482       SH:  5    Dex: 12    Spells: 16/34 levels left

rFire    . . .     SeeInvis .   a - +3 dagger
rCold    + . .     Faith    .   (no shield)
rNeg     . . .     Spirit   .   b - +0 robe
rPois    .         Reflect  +   r - +3 hat of Pondering {ponderous, Will+ MP+10 Int+5}
rElec    +         Harm     .   z - +1 cloak {Stlth+}
rCorr    .         Rampage  .   f - +0 pair of gloves of Xom's Castigation {rElec Regen+ MP-9 Int+10}
Will     ++...                  n - +1 pair of boots
Stlth    +++++++++.             t - amulet of reflection
HPRegen  1.28/turn              c - +4 ring of slaying
MPRegen  0.20/turn              y - ring of the Hare {EV+8}

@: lethally poisoned (0 -> -8), wreathed by umbra, constricted, studying Unarmed
Combat, slow
A: fangs 1, strong nose, distributed training, cold resistance 1, low mp 1
a: Renounce Religion, Shadow Step, Shadow Form


You were on level 4 of the Lair of Beasts.
You worshipped Dithmenos.
Dithmenos was extremely pleased with you.
You visited 6 branches of the dungeon, and saw 19 of its levels.
You also visited: Sewer.

You collected 1482 gold pieces.

Inventory:

Hand Weapons
 a - a +3 dagger (weapon)
Missiles
 v - 3 throwing nets
Armour
 b - a +0 robe (worn)
 f - the +0 pair of gloves of Xom's Castigation (worn) {rElec Regen+ MP-9 Int+10}
   (You acquired it in a sewer)

   Int:       It affects your intelligence (+10).
   rElec:     It insulates you from electricity.
   MP:        It affects your magic capacity (-9).
   Regen:     It increases your rate of health regeneration.
 n - a +1 pair of boots (worn)
 r - the +3 hat of Pondering (worn) {ponderous, Will+ MP+10 Int+5}
   (You took it off Gastronok on level 1 of the Lair of Beasts)

   Int:       It affects your intelligence (+5).
   MP:        It affects your magic capacity (+10).
   Will:      It increases your willpower.
 z - a +1 cloak of stealth (worn)
 B - a +0 helmet
 I - +0 fire dragon scales
Jewellery
 c - a +4 ring of slaying (left hand)
 h - an amulet of magic regeneration
 m - a +4 ring of protection
 o - a +6 ring of dexterity
 q - a ring of protection from fire
 t - an amulet of reflection (around neck)
 u - a ring of wizardry
 x - a +6 ring of dexterity
 y - the ring of the Hare (right hand) {EV+8}
   (You found it on level 6 of the Dungeon)

   [ring of evasion]

   EV:        It affects your evasion (+8).
 D - a ring of protection from fire
 E - a +4 ring of protection
 G - a ring of see invisible
Wands
 e - a wand of flame (93)
 i - a wand of digging (8)
 k - a wand of paralysis (23)
 w - a wand of polymorph (14)
 C - a wand of acid (21)
 J - a wand of iceblast (4)
Scrolls
 l - a scroll of fog
 s - 4 scrolls of amnesia
 A - 2 scrolls of magic mapping
 F - a scroll of immolation
Potions
 d - 5 potions of attraction
 g - 3 potions of degeneration
 p - 5 potions of mutation
 H - a potion of resistance


   Skills:
 + Level 9.4 Fighting
 + Level 9.8 Short Blades
 + Level 9.4 Long Blades
 + Level 9.4 Axes
 + Level 9.4 Maces & Flails
 + Level 9.4 Polearms
 + Level 9.4 Staves
 + Level 9.4 Slings
 + Level 9.4 Bows
 + Level 9.4 Crossbows
 + Level 9.4 Throwing
 + Level 9.4 Armour
 + Level 10.4 Dodging
 + Level 11.0 Stealth
 + Level 9.4 Shields
 + Level 10.1 Unarmed Combat
 + Level 10.6 Spellcasting
 + Level 7.9 Conjurations
 + Level 9.6 Hexes
 + Level 7.9 Summonings
 + Level 7.9 Necromancy
 + Level 7.9 Translocations
 + Level 7.9 Transmutations
 + Level 7.9 Fire Magic
 + Level 7.9 Ice Magic
 + Level 7.9 Air Magic
 + Level 7.9 Earth Magic
 + Level 7.9 Poison Magic
 + Level 10.2 Invocations
 + Level 9.4 Evocations


You had 16 spell levels left.
You knew the following spells:

 Your Spells              Type           Power      Damage    Failure   Level
a - Summon Ice Beast      Ice/Summ       65%        N/A       1%          4
b - Ensorcelled Hibernat  Hex/Ice        100%       N/A       1%          2
c - Tukima's Dance        Hex            72%        N/A       1%          3
d - Call Canine Familiar  Summ           65%        N/A       1%          3
e - Passwall              Tmut/Erth      54%        N/A       1%          2
f - Summon Lightning Spi  Summ/Air       65%        N/A       1%          4

Your spell library contained the following spells:

 Spells                   Type           Power      Damage    Failure   Level
 Beastly Appendage        Tmut           100%       N/A       1%          1
 Corona                   Hex            80%        N/A       1%          1
 Sandblast                Erth           100%       2d20      1%          1
 Summon Small Mammal      Summ           100%       N/A       1%          1
 Corpse Rot               Necr/Air       N/A        N/A       1%          2
 Poisonous Vapours        Pois/Air       100%       N/A       1%          2
 Wereblood                Tmut           65%        N/A       1%          2
 Confusing Touch          Hex            72%        N/A       1%          3
 Dazzling Flash           Conj/Hex       100%       N/A       1%          3
 Frozen Ramparts          Ice            100%       1d12      1%          3
 Spider Form              Tmut/Pois      32%        N/A       1%          3
 Summon Guardian Golem    Hex/Summ       69%        N/A       1%          3
 Airstrike                Air            32%        N/A       1%          4
 Ice Form                 Ice/Tmut       65%        N/A       1%          4
 Iskenderun's Mystic Bla  Conj/Tloc      65%        2d13      1%          4
 Freezing Cloud           Conj/Ice/Air   32%        6-21      2%          5
 Lee's Rapid Deconstruct  Erth           32%        3d18*     2%          5
 Lightning Bolt           Conj/Air       32%        1d50      2%          5
 Dispersal                Tloc           32%        N/A       14%         6
 Starburst                Conj/Fire      32%        6d10      14%         6
 Disjunction              Tloc           32%        N/A       99%         8


Dungeon Overview and Level Annotations

Branches:
Dungeon (9/15)             Temple (1/1) D:7            Lair (6/6) D:9
 Shoals (1/4) Lair:4        Snake (1/4) Lair:4        Slime (1/5) Lair:5
  Sewer (visited)
    Orc: D:9-12

Altars:
Ashenzari
Cheibriados
Dithmenos
Elyvilon
Fedhas
Gozag
Hepliaklqana
Makhleb
Okawaru
Ru
Sif Muna
Trog
Uskayaw
Vehumet
Wu Jian
Xom
Yredelemnul
Zin
The Shining One
Jiyva

Shops:
D:4 =   D:7 *

Annotations:
D:9 exclusion: oklob plant


Innate Abilities, Weirdness & Mutations

You have very sharp teeth.
Your uncanny sense of smell can sniff out nearby items.
Your experience applies equally to all skills.
Your flesh is cold resistant. (rC+)
Your magical capacity is low. (-10% MP)


Message History

You are too injured to fight recklessly!
You closely miss the naga ritualist.
The naga ritualist is heavily wounded.
You feel sick.
* * * LOW HITPOINT WARNING * * *
You are more poisoned.
Unknown command.
You hit the naga ritualist but do no damage.
The naga ritualist is heavily wounded.
Your shadow hits the naga ritualist but does no damage.
You feel sick. The naga ritualist spits poison at you.
The splash of poison hits you but does no damage.
You are more poisoned.
The naga ritualist constricts you.
* * * LOW HITPOINT WARNING * * *
Casting: Ensorcelled Hibernation (safe; 1% risk of failure)
Confirm with . or Enter, or press ? or * to list all spells.
You don't have enough magic to cast this spell.
You closely miss the naga ritualist.
The naga ritualist is heavily wounded.
You feel very sick.
* * * LOW HITPOINT WARNING * * *
You are more poisoned.
You hit the naga ritualist but do no damage.
Your punch misses the naga ritualist.
The naga ritualist is heavily wounded.
Your shadow hits the naga ritualist with a dagger.
* * * LOW HITPOINT WARNING * * *
You feel very sick.
The naga ritualist completely misses you.
The naga ritualist constricts you.
* * * LOW HITPOINT WARNING * * *
Okay, then.
Okay, then.
Okay, then.
Okay, then.
You hit the naga ritualist.
The naga ritualist is heavily wounded.
You die...

#..##.## ####P......# #.P#.P
####..P# #.#.......## ##.....
###.#..#
###.......#..###..####
..##..######≈≈≈≈≈≈≈....P##.###
......##.^.≈.≈≈≈≈≈≈≈..######
##.##.......≈≈≈...≈≈≈.≈##
#..#...P#.P≈≈≈.≈.PP≈≈≈#≈###
.......##.#≈≈..P....≈≈...P#
P..#..#####≈≈≈..@...≈≈...##
.......####≈≈.)N....≈≈#..#
.#PP...##..≈≈≈≈....≈≈≈...#
###.........≈≈≈P..≈≈≈....## #
#.#....P.#.P≈≈≈≈≈≈≈P.#...# #
###..........≈≈≈≈≈....#.## #
#P....##..P....P≈..#...#
##.#.##P..P.#.####.#..##
###.####..##..#...##.# #


You could see a naga ritualist (toxic aura).

Vanquished Creatures
  Gastronok (Lair:1)
  An azure jelly (Slime:1)
  A dire elephant (Lair:6)
  A fire dragon (Lair:6)
  3 hydras
  An alligator snapping turtle (Shoals:1)
  Erica (Lair:2)
  A fire crab (Lair:6)
  A sea snake (Shoals:1)
  A necromancer (Lair:6)
  2 lindwurms (Lair:6)
  3 harpies (Shoals:1)
  A mana viper (Lair:4)
  2 salamanders (Snake:1)
  A merfolk siren (Shoals:1)
  7 elephants (Lair:5)
  A naga mage (Snake:1)
  6 torpor snails
  9 black mambas
  10 cane toads
  9 komodo dragons
  2 trolls
  4 hornets (Lair:6)
  3 polar bears
  3 tyrant leeches (Lair:6)
  A merfolk (Shoals:1)
  31 blink frogs
  2 dream sheep (Lair:5)
  A spriggan (Lair:2)
  4 wyverns
  2 basilisks
  23 yaks
  A wraith (D:8)
  2 steam dragons
  Menkaure (D:6)
  2 nagas
  12 water moccasins
  A sky beast (D:7)
  An ice beast (D:7)
  6 black bears
  3 orc warriors
  11 wolves
  3 necrophages
  3 ogres
  3 centaurs
  3 kobold brigands
  16 bullfrogs
  2 gnoll sergeants
  A wyvern zombie (D:8)
  2 scorpions
  10 killer bees
  A wight (D:8)
  5 howler monkeys
  10 jellies
  Crazy Yiuf (D:7)
  A gnoll shaman (D:6)
  10 hounds
  3 orc priests
  A bullfrog skeleton (D:6)
  3 centaur skeletons
  Ijyb (D:3)
  Terence (D:2)
  An iguana (D:6)
  4 orc wizards
  7 hell rats
  A yak simulacrum (Lair:6)
  4 polar bear simulacra (Lair:6)
  A wolf simulacrum (Lair:6)
  A howler monkey zombie (D:6)
  9 adders
  11 gnolls
  8 river rats
  A shadow imp (D:6)
  A white imp (D:8)
  6 worms
  6 dart slugs
  20 orcs
  28 endoplasms
  3 giant cockroaches
  9 hobgoblins
  11 jackals
  14 kobolds
  5 quokkas
  6 ball pythons
  4 bats
  4 frilled lizards
  12 goblins
  10 rats
  5 river rat simulacra (Lair:6)
451 creatures vanquished.

Vanquished Creatures (collateral kills)
  An azure jelly (Slime:1)
  A dire elephant (Lair:5)
  A merfolk impaler (Shoals:1)
  2 merfolk avatars (Shoals:1)
  A boulder beetle (Lair:5)
  3 catoblepae
  A death yak (Lair:5)
  2 mana vipers
  A manticore (Shoals:1)
  A black mamba (Lair:5)
  3 elephants (Lair:5)
  A water nymph (Shoals:1)
  Maggie (Lair:1)
  A komodo dragon (Lair:5)
  3 rime drakes
  A merfolk (Shoals:1)
  A wind drake (Shoals:1)
  A blink frog (Lair:1)
  4 hornets (Lair:6)
  3 yaks (Lair:5)
  A black bear (Lair:2)
  A wolf (Lair:2)
  A centaur (Lair:2)
  2 wights (D:8)
  A howler monkey (D:7)
  An orc wizard (D:7)
  An orc (D:9)
41 creatures vanquished.

Vanquished Creatures (others)
  87 fungi
  105 plants
192 creatures vanquished.

Grand Total: 684 creatures vanquished

Notes
Turn   | Place    | Note
-------+----------+-------------------------------------------
     0 | D:1      | zeram the Gnoll Enchanter began the quest for the Orb.
     0 | D:1      | Reached XP level 1. HP: 13/13 MP: 6/6
   524 | D:1      | Reached XP level 2. HP: 12/19 MP: 7/7
   628 | D:1      | Learned a level 2 spell: Ensorcelled Hibernation
  1562 | D:1      | Reached XP level 3. HP: 18/25 MP: 9/9
  1753 | D:1      | Reached skill level 5 in Spellcasting
  2065 | D:2      | Noticed a necrophage
  2091 | D:1      | Killed a necrophage
  2092 | D:1      | Reached skill level 1 in Fighting
  2092 | D:1      | Reached skill level 1 in Long Blades
  2092 | D:1      | Reached skill level 1 in Axes
  2092 | D:1      | Reached skill level 1 in Maces & Flails
  2092 | D:1      | Reached skill level 1 in Polearms
  2092 | D:1      | Reached skill level 1 in Staves
  2092 | D:1      | Reached skill level 1 in Slings
  2092 | D:1      | Reached skill level 1 in Bows
  2092 | D:1      | Reached skill level 1 in Crossbows
  2092 | D:1      | Reached skill level 1 in Throwing
  2092 | D:1      | Reached skill level 1 in Armour
  2092 | D:1      | Reached skill level 6 in Stealth
  2092 | D:1      | Reached skill level 1 in Shields
  2092 | D:1      | Reached skill level 1 in Unarmed Combat
  2092 | D:1      | Reached skill level 1 in Conjurations
  2092 | D:1      | Reached skill level 1 in Summonings
  2092 | D:1      | Reached skill level 1 in Necromancy
  2092 | D:1      | Reached skill level 1 in Translocations
  2092 | D:1      | Reached skill level 1 in Transmutations
  2092 | D:1      | Reached skill level 1 in Fire Magic
  2092 | D:1      | Reached skill level 1 in Ice Magic
  2092 | D:1      | Reached skill level 1 in Air Magic
  2092 | D:1      | Reached skill level 1 in Earth Magic
  2092 | D:1      | Reached skill level 1 in Poison Magic
  2092 | D:1      | Reached skill level 1 in Invocations
  2092 | D:1      | Reached skill level 1 in Evocations
  2092 | D:1      | Reached XP level 4. HP: 4/32 MP: 9/11
  2369 | D:1      | Learned a level 3 spell: Tukima's Dance
  2705 | D:2      | Reached XP level 5. HP: 37/37 MP: 12/12
  2757 | D:2      | Noticed Terence
  2758 | D:2      | Killed Terence
  2887 | D:2      | Found a faded altar of an unknown god.
  3406 | D:3      | Noticed a +0 hand axe
  3406 | D:3      | Noticed a +0 hand axe
  3410 | D:3      | Found a hide-covered altar of Uskayaw.
  3518 | D:3      | Noticed Ijyb
  3537 | D:3      | Paralysed by Ijyb for 2 turns
  3543 | D:3      | Paralysed by Ijyb for 2 turns
  3553 | D:3      | Killed Ijyb
  4425 | D:4      | Noticed an orc warrior
  4425 | D:4      | Noticed an ogre
  4443 | D:3      | Reached XP level 6. HP: 25/44 MP: 3/13
  4444 | D:3      | Killed an orc warrior
  4445 | D:3      | Reached skill level 5 in Dodging
  4693 | D:4      | Reached XP level 7. HP: 50/50 MP: 13/15
  4888 | D:4      | Found a glowing drain.
  4904 | Sewer    | Entered a sewer
  5059 | Sewer    | Identified a scroll of acquirement
  5059 | Sewer    | Acquired the +0 pair of gloves of Xom's Castigation {rElec
                  | Regen+ MP-9 Int+10}
  5352 | Sewer    | Gained mutation: Your magical capacity is low. (-10% MP)
                  | [potion of mutation]
  5352 | Sewer    | Gained mutation: Your flesh is cold resistant. (rC+)
                  | [potion of mutation]
  5597 | D:4      | Found Ekhlun's Jewellery Shoppe.
  5824 | D:4      | Reached XP level 8. HP: 57/57 MP: 3/15
  6070 | D:5      | Entered Level 5 of the Dungeon
  6256 | D:5      | Learned a level 4 spell: Summon Ice Beast
  6331 | D:5      | Found a snail-covered altar of Cheibriados.
  6335 | D:5      | Found a white marble altar of Elyvilon.
  7220 | D:6      | Reached skill level 7 in Stealth
  7411 | D:6      | Found the ring of the Hare {EV+8}
  7566 | D:6      | Reached XP level 9. HP: 62/65 MP: 0/16
  7784 | D:6      | Noticed a troll
  7792 | D:6      | Killed a troll
  7867 | D:6      | Noticed Menkaure
  7881 | D:6      | Killed Menkaure
  8245 | D:7      | Reached skill level 5 in Short Blades
  8303 | D:7      | Found a staircase to the Ecumenical Temple.
  8335 | Temple   | Entered the Ecumenical Temple
  8686 | D:7      | Learned a level 3 spell: Call Canine Familiar
  8909 | D:7      | Found an iron altar of Okawaru.
  9115 | D:7      | Found a broken altar of Ashenzari.
  9145 | D:7      | Found a sacrificial altar of Ru.
  9294 | D:7      | Found a runed translucent door.
  9295 | D:7      | Noticed Crazy Yiuf
  9335 | D:7      | Found Teephiuh's Elemental Accessories.
  9478 | D:7      | Killed Crazy Yiuf
  9479 | D:7      | Reached skill level 5 in Invocations
 10087 | D:8      | Reached XP level 10. HP: 73/73 MP: 2/18
 10111 | D:8      | Learned a level 2 spell: Passwall
 10220 | D:8      | Reached skill level 5 in Fighting
 10220 | D:8      | Reached skill level 5 in Long Blades
 10220 | D:8      | Reached skill level 5 in Axes
 10220 | D:8      | Reached skill level 5 in Maces & Flails
 10220 | D:8      | Reached skill level 5 in Polearms
 10220 | D:8      | Reached skill level 5 in Staves
 10220 | D:8      | Reached skill level 5 in Slings
 10220 | D:8      | Reached skill level 5 in Bows
 10220 | D:8      | Reached skill level 5 in Crossbows
 10220 | D:8      | Reached skill level 5 in Throwing
 10220 | D:8      | Reached skill level 5 in Armour
 10220 | D:8      | Reached skill level 5 in Shields
 10220 | D:8      | Reached skill level 5 in Unarmed Combat
 10220 | D:8      | Reached skill level 5 in Evocations
 10297 | D:8      | Found an opulent altar of Gozag.
 10297 | D:8      | Found a faded altar of an unknown god.
 10304 | D:8      | Found a shimmering altar of Xom.
 10306 | D:8      | Found a shadowy altar of Dithmenos.
 10308 | D:8      | Found a faded altar of an unknown god.
 10312 | D:8      | Became a worshipper of Dithmenos the Shadowed
 10701 | D:9      | Reached skill level 8 in Stealth
 10958 | D:9      | Reached * piety under Dithmenos
 11365 | D:9      | Found an ornate altar of the Wu Jian Council.
 11626 | D:9      | Found a staircase to the Lair.
 11893 | D:9      | Noticed an oklob plant
 12145 | D:9      | Reached ** piety under Dithmenos
 12353 | Lair:1   | Entered Level 1 of the Lair of Beasts
 12356 | Lair:1   | Noticed a cane toad
 12362 | Lair:1   | Killed a cane toad
 12456 | Lair:1   | Noticed Maggie
 12462 | Lair:1   | Reached XP level 11. HP: 75/81 MP: 4/20
 12538 | Lair:2   | Noticed Erica
 12656 | Lair:1   | Killed Maggie
 12657 | Lair:1   | Reached skill level 5 in Conjurations
 12657 | Lair:1   | Reached skill level 5 in Summonings
 12657 | Lair:1   | Reached skill level 5 in Necromancy
 12657 | Lair:1   | Reached skill level 5 in Translocations
 12657 | Lair:1   | Reached skill level 5 in Transmutations
 12657 | Lair:1   | Reached skill level 5 in Fire Magic
 12657 | Lair:1   | Reached skill level 5 in Ice Magic
 12657 | Lair:1   | Reached skill level 5 in Air Magic
 12657 | Lair:1   | Reached skill level 5 in Earth Magic
 12657 | Lair:1   | Reached skill level 5 in Poison Magic
 12788 | Lair:1   | Found a gate leading to a gauntlet.
 12999 | Lair:1   | Noticed Gastronok
 13029 | Lair:1   | Killed Gastronok
 13442 | Lair:1   | Reached skill level 9 in Stealth
 14105 | Lair:2   | Reached XP level 12. HP: 65/89 MP: 20/22
 14106 | Lair:2   | Reached *** piety under Dithmenos
 14343 | Lair:2   | Killed Erica
 14365 | Lair:2   | Noticed a catoblepas
 14522 | Lair:2   | Killed a catoblepas
 14597 | Lair:2   | Learned a level 4 spell: Summon Lightning Spire
 15050 | Lair:2   | Noticed a catoblepas
 15064 | Lair:2   | Killed a catoblepas
 15333 | Lair:2   | Identified the +3 chain mail of Shadows and Fog {Drain
                  | Int+4 Dex+2}
 15771 | Lair:3   | Reached **** piety under Dithmenos
 16254 | Lair:4   | Noticed a catoblepas
 16271 | Lair:4   | Killed a catoblepas
 16352 | Lair:4   | Found a staircase to the Snake Pit.
 16598 | Lair:4   | Reached XP level 13. HP: 98/98 MP: 23/23
 16677 | Lair:4   | Found a staircase to the Shoals.
 17036 | Lair:4   | Reached skill level 10 in Stealth
 17143 | Snake:1  | Entered Level 1 of the Snake Pit
 17868 | Lair:5   | Reached ***** piety under Dithmenos
 18442 | Lair:5   | Noticed a dire elephant
 18635 | Lair:5   | Found a viscous altar of Jiyva.
 18636 | Lair:5   | Found a staircase to the Slime Pits.
 18884 | Lair:5   | Reached skill level 10 in Spellcasting
 19357 | Lair:5   | Killed a dire elephant
 19810 | Lair:6   | Entered Level 6 of the Lair of Beasts
 19853 | Lair:6   | Reached XP level 14. HP: 98/106 MP: 14/25
 19892 | Lair:6   | Noticed a dire elephant
 19998 | Lair:6   | Killed a dire elephant
 19999 | Lair:6   | Reached skill level 10 in Dodging
 20359 | Lair:6   | Found a runed translucent door.
 20506 | Lair:6   | Paralysed by a hornet for 3 turns
 21064 | Lair:6   | Reached skill level 10 in Invocations
 21181 | Slime:1  | Entered Level 1 of the Pits of Slime
 21214 | Slime:1  | Noticed an azure jelly
 21216 | Slime:1  | Noticed an azure jelly
 21221 | Slime:1  | Killed an azure jelly
 21247 | Slime:1  | Killed an azure jelly
 21318 | Slime:1  | Noticed a rockslime
 21395 | Shoals:1 | Entered Level 1 of the Shoals
 21516 | Shoals:1 | Reached skill level 11 in Stealth
 21876 | Shoals:1 | Reached skill level 10 in Unarmed Combat
 22286 | Lair:4   | HP: 5/108 [poisoned by a naga ritualist (toxic radiance)]
 22286 | Lair:4   | HP: 1/108 [constriction (4)]
 22287 | Lair:4   | Succumbed to a naga ritualist's toxic radiance

Illustrated notes

Levels and vault maps discovered:
D:1:      tarquinn_simple_flora_water_b, layout_basic, corexii_hall_statues_l
D:2:      layout_loops_ring, chequers_ecumenical_altar_simple_redux,
          uniq_terence
D:3:      kennysheep_goblin_castle, layout_loops_cross, dancing_weapons_uskayaw
D:4:      layout_rooms, lightli_sewer_entry_pipes, serial_shops,
          nicolae_shop_behind_doors, nicolae_zen_rock_garden,
          grunt_ministairs_8, patterned_corridor
D:5:      layout_loops_ring, chequers_temple_overflow_statue_of_worship,
          grunt_decor_junction, lightli_minifort
D:6:      layout_basic, uniq_menkaure
D:7:      layout_basic, okawaru_trees_1, mainiacjoe_overflow_catch_the_wave,
          minmay_temple_entry_waves, nicolae_elemental_shop,
          kennysheep_crisscross, grunt_decor_one_mirror, st_stairs_9,
          uniq_crazy_yiuf_cottage
D:8:      layout_rooms, chequers_temple_overflow_minitemple
D:9:      lemuel_slime, layout_rooms, kennysheep_mini,
          due_lair_maze_entry_diamond, enter_bailey_4
Temple:   compressed_dpeg_triangle_lava_temple
Lair:1:   layout_loops_ring, gauntlet_entry_generic, grunt_megastairs_4,
          uniq_maggie, uniq_gastronok
Lair:2:   layout_roguey, forest_entry_grove, infiniplex_staircase_pool,
          uniq_erica
Lair:3:   beast_lair_carwin_large_4, layout_loops_ring
Lair:4:   layout_loops_ring, elwin_shoals_entry_rocks,
          guppyfry_snake_entry_island
Lair:5:   nzn_winding_woodlands_cross [nzn_winding_woodlands_5x15_pool,
          nzn_winding_woodlands_5x15_pathside_ponds,
          nzn_winding_woodlands_5x15_jagged, nzn_winding_woodlands_5x15_zeroes,
          nzn_winding_woodlands_15x15_thick_spiral], layout_cellular_growth,
          slime_altar_1
Lair:6:   wormcave, layout_gridlike, eino_house_with_fridge
Shoals:1: layout_shoals
Snake:1:  layout_onion_interference, serial_shops, shop,
          gammafunk_ghost_berserking_beasts,
          nicolae_snake_herptile_family_reunion
Slime:1:  layout_caves

Skill      XL: |  1  2  3  4  5  6  7  8  9 10 11 12 13 14 |
---------------+-------------------------------------------+-----
Spellcasting   | 5 6 7 8 9 10 | 10.6
Fighting       | 1 2 3 4 5 6 7 8 9 |  9.4
Long Blades    | 1 2 3 4 5 6 7 8 9 |  9.4
Axes           | 1 2 3 4 5 6 7 8 9 |  9.4
Maces & Flails | 1 2 3 4 5 6 7 8 9 |  9.4
Polearms       | 1 2 3 4 5 6 7 8 9 |  9.4
Staves         | 1 2 3 4 5 6 7 8 9 |  9.4
Slings         | 1 2 3 4 5 6 7 8 9 |  9.4
Bows           | 1 2 3 4 5 6 7 8 9 |  9.4
Crossbows      | 1 2 3 4 5 6 7 8 9 |  9.4
Throwing       | 1 2 3 4 5 6 7 8 9 |  9.4
Armour         | 1 2 3 4 5 6 7 8 9 |  9.4
Stealth        | 6 7 8 9 10 11 | 11.0
Shields        | 1 2 3 4 5 6 7 8 9 |  9.4
Unarmed Combat | 1 2 3 4 5 6 7 8 10 | 10.1
Conjurations   | 1 2 3 4 5 6 7 |  7.9
Summonings     | 1 2 3 4 5 6 7 |  7.9
Necromancy     | 1 2 3 4 5 6 7 |  7.9
Translocations | 1 2 3 4 5 6 7 |  7.9
Transmutations | 1 2 3 4 5 6 7 |  7.9
Fire Magic     | 1 2 3 4 5 6 7 |  7.9
Ice Magic      | 1 2 3 4 5 6 7 |  7.9
Air Magic      | 1 2 3 4 5 6 7 |  7.9
Earth Magic    | 1 2 3 4 5 6 7 |  7.9
Poison Magic   | 1 2 3 4 5 6 7 |  7.9
Invocations    | 1 2 3 4 5 6 7 8 9 10 | 10.2
Evocations     | 1 2 3 4 5 6 7 8 9 |  9.4
Short Blades   | 3 4 5 6 7 8 9 |  9.8
Dodging        | 5 6 7 8 9 10 | 10.4
Hexes          | 6 7 8 9 |  9.6

Action                   |  1- 3 |  4- 6 |  7- 9 | 10-12 | 13-15 || total
-------------------------+-------+-------+-------+-------+-------++-------
Melee: Dagger            |    97 |   103 |   326 |   363 |   396 ||  1285
       Bite              |     5 |     4 |    17 |    22 |    26 ||    74
       Punch             |       |       |     3 |     6 |     7 ||    16
 Cast: Ensorcelled Hiber |     8 |    34 |   102 |   170 |   166 ||   480
       Corona            |     3 |     1 |       |       |       ||     4
       Call Canine Famil |       |       |     2 |    14 |    14 ||    30
       Tukima's Dance    |       |       |       |     2 |       ||     2
       Summon Ice Beast  |       |       |       |    11 |    45 ||    56
       Summon Lightning  |       |       |       |     1 |     4 ||     5
  Use: Scroll            |     1 |     4 |     8 |     8 |    12 ||    33
       Potion            |     1 |     1 |     9 |     6 |    12 ||    29
 Stab: Sleeping          |    10 |    35 |    87 |   139 |    86 ||   357
       Distracted        |       |     1 |     1 |     5 |    11 ||    18
Armor: Robe              |    14 |    17 |    74 |    46 |    75 ||   226
Dodge: Dodged            |    53 |    61 |   181 |   331 |   461 ||  1087
Block: Other             |       |       |    39 |    92 |    96 ||   227
       Reflection        |       |       |     1 |     1 |     1 ||     3
